 Dungeon Crawl Stone Soup version 0.26-a0-663-g36e8fdb655 (webtiles) character file.

Game seed: 2759051838290676805

1201 jiml777 the Grasshopper (level 8, -3/64 HPs)
             Began as a Gnoll Warper on Oct 11, 2020.
             Slain by an unseen horror (7 damage)
             ... on level 5 of the Dungeon.
             The game lasted 00:26:59 (4183 turns).

jiml777 the Grasshopper (Gnoll Warper)              Turns: 4183, Time: 00:26:59

Health: -3/64      AC: 11    Str: 20    XL:     8   Next: 44%
Magic:  17/17      EV: 14    Int: 17    God:
Gold:   304        SH:  0    Dex: 21    Spells: 17/19 levels left

rFire    . . .     SeeInvis .   v - +2 hand axe (elec)
rCold    . . .     Faith    .   (no shield)
rNeg     . . .     Spirit   .   o - +1 scale mail
rPois    .         Reflect  .   (no helmet)
rElec    .         Harm     .   (no cloak)
rCorr    .         Rampage  .   t - +2 pair of gloves
MR       .....                  (no boots)
Stlth    +.........             (no amulet)
HPRegen  0.20/turn              q - +6 ring of strength
MPRegen  0.15/turn              y - +6 ring of dexterity

@: no status effects
A: distributed training, fangs 1, strong nose
a: no special abilities


You were on level 5 of the Dungeon.
You visited 1 branch of the dungeon, and saw 5 of its levels.

You collected 304 gold pieces.

Inventory:

Hand Weapons
 k - a +2 shortbow of freezing
 n - a +0 short sword of speed
 v - a +2 hand axe of electrocution (weapon)
 B - a +1 antimagic trident
 C - a +2 vorpal mace
Missiles
 c - 26 sling bullets
 e - 5 boomerangs of dispersal
 h - 20 bolts
 m - 6 poisoned darts (quivered)
 p - 9 arrows
 r - 2 atropa-tipped darts
 w - 6 boomerangs
Armour
 b - a +0 leather armour
 o - a +1 scale mail (worn)
 t - a +2 pair of gloves (worn)
Jewellery
 q - a +6 ring of strength (left hand)
 y - a +6 ring of dexterity (right hand)
Scrolls
 d - 2 scrolls of blinking
 g - a scroll of teleportation
 l - a scroll of remove curse
 s - 2 scrolls of fear
 u - a scroll of amnesia
 x - a scroll of fog
 z - a scroll of identify
Potions
 a - a potion of flight
 f - 2 potions of lignification
 i - 3 potions of curing
 j - a potion of brilliance
 A - a potion of ambrosia


   Skills:
 + Level 5.7 Fighting
 + Level 3.2 Short Blades
 + Level 3.2 Long Blades
 + Level 3.2 Axes
 + Level 3.2 Maces & Flails
 + Level 5.7 Polearms
 + Level 3.2 Staves
 + Level 3.2 Slings
 + Level 3.2 Bows
 + Level 3.2 Crossbows
 + Level 4.2 Throwing
 + Level 4.2 Armour
 + Level 5.7 Dodging
 + Level 3.2 Stealth
 + Level 3.2 Shields
 + Level 3.2 Unarmed Combat
 + Level 6.0 Spellcasting
 + Level 2.6 Conjurations
 + Level 2.6 Hexes
 + Level 2.6 Summonings
 + Level 2.6 Necromancy
 + Level 6.1 Translocations
 + Level 2.6 Transmutations
 + Level 2.6 Fire Magic
 + Level 2.6 Ice Magic
 + Level 2.6 Air Magic
 + Level 2.6 Earth Magic
 + Level 2.6 Poison Magic
 + Level 3.6 Invocations
 + Level 3.2 Evocations


You had 17 spell levels left.
You knew the following spells:

 Your Spells              Type           Power        Failure   Level
a - Blink                 Tloc           N/A          4%          2

Your spell library contained the following spells:

 Spells                   Type           Power        Failure   Level
 Gell's Gravitas          Tloc           ####......   9%          3
 Lesser Beckoning         Tloc           ####......   9%          3
 Teleport Other           Tloc           ####....     9%          3
 Summon Small Mammal      Summ           ##..         12%         1
 Call Imp                 Summ           ##......     17%         2
 Passage of Golubria      Tloc           N/A          28%         4
 Call Canine Familiar     Summ           ##......     34%         3
 Confusing Touch          Hex            ##......     34%         3
 Summon Guardian Golem    Hex/Summ       ##......     34%         3
 Petrify                  Tmut/Erth      ##......     75%         4
 Summon Ice Beast         Ice/Summ       ##......     75%         4
 Summon Lightning Spire   Summ/Air       ##......     75%         4
 Metabolic Englaciation   Hex/Ice        ##........   97%         5
 Yara's Violent Unravell  Hex/Tmut       ##........   97%         5


Dungeon Overview and Level Annotations

Branches:
Dungeon (5/15)             Temple (0/1) D:5

Altars:


Innate Abilities, Weirdness & Mutations

Your experience applies equally to all skills.
You have very sharp teeth.
Your uncanny sense of smell can sniff out nearby items.


Message History

C - a runed mace Something hits you!
* * * LOW HITPOINT WARNING * * *
Something barely misses you. Something hits you but does no damage.
You hit something. Something hits you.
* * * LOW HITPOINT WARNING * * *
Something hits you but does no damage.
You barely miss something. You bite something. Something completely misses you.
Something hits you.
* * * LOW HITPOINT WARNING * * *
Something hits you.
* * * LOW HITPOINT WARNING * * *
Something hits you but does no damage. x2
Things that are here:
a +0 dagger; a +0 robe; a sky beast corpse Something hits you but does no damage.
You barely miss something. You bite something. Something hits you.
* * * LOW HITPOINT WARNING * * *
Something hits you!
You die...

#........).)....###...##..
#........÷)...............
#................)....##..
#...#######....#####+##...
#.###......###............
###...####...###........#.
###...###..###...###......#.
##....##......##....##.....+.
#....##).###@..##....##....#.
#....#...##.)##..##...
#....#.
#....#..##...≈##..#...
#....#. #...h#8.#..##..#[8#
.. #..#.#< #....#..#≈.[>.≈#
.# ####..# #....#..#≈..⌠.≈# #
####... #...$#8.#..##..#
∆#...... #....#..##....##
#...... ##..##/.##∆ #......


There were no monsters in sight!

Vanquished Creatures
  A sky beast (D:5)
  An ice beast (D:5)
  A centaur (D:5)
  2 ogres
  A phantom (D:4)
  2 scorpions (D:5)
  A bullfrog zombie (D:5)
  5 orc wizards
  2 iguanas
  4 worker ants
  A worker ant zombie (D:5)
  2 howler monkey zombies (D:5)
  10 adders
  An ufetubus (D:5)
  An ooze (D:2)
  2 adder skeletons (D:4)
  3 worms
  3 dart slugs
  2 leopard geckos (D:2)
  18 orcs
  6 bats
  6 giant cockroaches
  12 goblins
  5 hobgoblins
  8 jackals
  4 quokkas (D:3)
  2 ball pythons
  7 frilled lizards
  4 kobolds
  12 rats
129 creatures vanquished.

Vanquished Creatures (others)
  An orc wizard (D:4)
1 creature vanquished.

Grand Total: 130 creatures vanquished

Notes
Turn   | Place    | Note
-------+----------+-------------------------------------------
     0 | D:1      | jiml777 the Gnoll Warper began the quest for the Orb.
     0 | D:1      | Reached XP level 1. HP: 20/20 MP: 6/6
   158 | D:1      | Reached XP level 2. HP: 26/26 MP: 7/7
   678 | D:2      | Reached skill level 5 in Spellcasting
   678 | D:2      | Reached XP level 3. HP: 24/31 MP: 7/9
   891 | D:2      | Reached skill level 1 in Invocations
  1059 | D:2      | Reached skill level 1 in Short Blades
  1059 | D:2      | Reached skill level 1 in Long Blades
  1059 | D:2      | Reached skill level 1 in Axes
  1059 | D:2      | Reached skill level 1 in Maces & Flails
  1059 | D:2      | Reached skill level 1 in Staves
  1059 | D:2      | Reached skill level 1 in Slings
  1059 | D:2      | Reached skill level 1 in Bows
  1059 | D:2      | Reached skill level 1 in Crossbows
  1059 | D:2      | Reached skill level 1 in Stealth
  1059 | D:2      | Reached skill level 1 in Shields
  1059 | D:2      | Reached skill level 1 in Unarmed Combat
  1059 | D:2      | Reached skill level 1 in Evocations
  1147 | D:2      | Reached XP level 4. HP: 26/38 MP: 11/11
  1615 | D:2      | Reached skill level 1 in Conjurations
  1615 | D:2      | Reached skill level 1 in Hexes
  1615 | D:2      | Reached skill level 1 in Summonings
  1615 | D:2      | Reached skill level 1 in Necromancy
  1615 | D:2      | Reached skill level 1 in Transmutations
  1615 | D:2      | Reached skill level 1 in Fire Magic
  1615 | D:2      | Reached skill level 1 in Ice Magic
  1615 | D:2      | Reached skill level 1 in Air Magic
  1615 | D:2      | Reached skill level 1 in Earth Magic
  1615 | D:2      | Reached skill level 1 in Poison Magic
  2190 | D:3      | Reached XP level 5. HP: 43/43 MP: 12/12
  2586 | D:3      | Learned a level 2 spell: Blink
  2929 | D:4      | Reached XP level 6. HP: 49/50 MP: 13/13
  3126 | D:4      | Reached skill level 5 in Fighting
  3126 | D:4      | Reached skill level 5 in Polearms
  3126 | D:4      | Reached skill level 5 in Dodging
  3213 | D:4      | Noticed a phantom
  3251 | D:4      | Reached XP level 7. HP: 32/56 MP: 15/15
  3428 | D:4      | You fall into a shaft and drop 1 floor!
  3428 | D:5      | Entered Level 5 of the Dungeon
  3430 | D:5      | Found a staircase to the Ecumenical Temple.
  3853 | D:5      | Reached XP level 8. HP: 55/63 MP: 16/16
  4183 | D:5      | Slain by an unseen horror

Illustrated notes

Levels and vault maps discovered:
D:1:      minmay_arrival_shoal_huts, layout_basic
D:2:      layout_loops_ring, minmay_split_cup_small
D:3:      layout_loops_ring
D:4:      minmay_skewed_foursquare, layout_basic, serial_shops, shop
D:5:      layout_basic, minmay_temple_entry_from_below_a, nzn_random_ring

Skill      XL: |  1  2  3  4  5  6  7  8 |
---------------+-------------------------+-----
Spellcasting   | 5 6 |  6.0
Invocations    | 1 2 3 |  3.6
Short Blades   | 1 2 3 |  3.2
Long Blades    | 1 2 3 |  3.2
Axes           | 1 2 3 |  3.2
Maces & Flails | 1 2 3 |  3.2
Staves         | 1 2 3 |  3.2
Slings         | 1 2 3 |  3.2
Bows           | 1 2 3 |  3.2
Crossbows      | 1 2 3 |  3.2
Stealth        | 1 2 3 |  3.2
Shields        | 1 2 3 |  3.2
Unarmed Combat | 1 2 3 |  3.2
Evocations     | 1 2 3 |  3.2
Conjurations   | 1 2 |  2.6
Hexes          | 1 2 |  2.6
Summonings     | 1 2 |  2.6
Necromancy     | 1 2 |  2.6
Transmutations | 1 2 |  2.6
Fire Magic     | 1 2 |  2.6
Ice Magic      | 1 2 |  2.6
Air Magic      | 1 2 |  2.6
Earth Magic    | 1 2 |  2.6
Poison Magic   | 1 2 |  2.6
Throwing       | 3 4 |  4.2
Armour         | 3 4 |  4.2
Fighting       | 5 |  5.7
Polearms       | 5 |  5.7
Dodging        | 5 |  5.7
Translocations | 6 |  6.1

Action                   |  1- 3 |  4- 6 |  7- 9 || total
-------------------------+-------+-------+-------++-------
Melee: Spear             |    67 |       |       ||    67
       Bite              |    10 |    22 |    22 ||    54
       Short sword       |   101 |   113 |       ||   214
       Hand axe          |       |   121 |   111 ||   232
       Punch             |       |     2 |     2 ||     4
Throw: Dart              |    15 |    11 |     7 ||    33
  Use: Scroll            |       |     5 |     8 ||    13
 Stab: Sleeping          |     2 |       |       ||     2
Armor: Leather armour    |    13 |       |       ||    13
       Chain mail        |    19 |    90 |       ||   109
       Scale mail        |       |    10 |    71 ||    81
Dodge: Dodged            |    74 |    64 |    72 ||   210

Table legend: (Time is in decaauts)
 A = Elapsed time spent in this place.
 B = Non-inter-level travel time spent in this place.
 C = Inter-level travel time spent in this place.
 D = Time resting spent in this place.
 E = Time spent auto-exploring this place.
 F = Levels seen in this place.
 G = Mean time per level.
                   A        B        C        D        E       F      G
               +--------+--------+--------+--------+--------+-----+--------+
         Total |   4144 |   4047 |     97 |    989 |   1431 |   5 |  828.8 |
       Dungeon |   4144 |   4047 |     97 |    989 |   1431 |   5 |  828.8 |
               +--------+--------+--------+--------+--------+-----+--------+

Top non-repeatable levels by time:
     D:2: 1382 daAuts
     D:3: 821 daAuts
     D:5: 769 daAuts
     D:1: 643 daAuts
     D:4: 527 daAuts
